 Dungeon Crawl Stone Soup version 0.32-a0-841-g4648e6c457 (webtiles) character file.

Game seed: 1732967408405169952

30 hikkokomori the Apothecary (level 3, -1/26 HPs)
             Began as a Coglin Alchemist on Mar 26, 2024.
             Slain by a jackal (3 damage)
             ... on level 1 of the Dungeon.
             The game lasted 00:04:19 (1102 turns).

hikkokomori the Apothecary (Coglin Alchemist)       Turns: 1102, Time: 00:04:20

Health: -1/26      AC:  2    Str:  8    XL:     3   Next: 18%
Magic:  5/6        EV: 11    Int: 16    God:
Gold:   31         SH:  0    Dex: 14    Spells: 2/6 levels left

rFire   . . .        c - +0 sling {Kanehira}
rCold   . . .        (no shield)
rNeg    . . .        a - +0 robe
rPois   .            (no helmet)
rElec   .            (no cloak)
rCorr   .            (no gloves)
SInv    .            (no boots)
Will    .....        (amulet unavailable)
Stlth   ++           (ring unavailable)
HPRegen 0.24/turn    (ring unavailable)
MPRegen 0.10/turn    (no gizmo)

%: no passive effects
@: revved
A: off-hand wielding, slow wielding, warmup strikes, no jewellery
a: Invent Gizmo


You were on level 1 of the Dungeon.
You visited 1 branch of the dungeon, and saw 1 of its levels.

You collected 31 gold pieces.

Inventory:

Hand Weapons
 c - a +0 sling (weapon) {Kanehira}
Armour
 a - a +0 robe (worn)
Scrolls
 e - a scroll of teleportation {unknown}
Potions
 b - a potion of magic
 d - a potion of attraction {unknown}
 f - a potion of curing {unknown}


   Skills:
 + Level 1.0 Fighting
 - Level 1.7 Dodging
 - Level 1.5 Stealth
 + Level 2.1 Spellcasting
 + Level 1.4 Conjurations
 + Level 0.0 Air Magic
 + Level 3.6 Alchemy


You had 2 spell levels left.
You knew the following spells:

 Your Spells              Type           Power      Damage    Failure   Level
a - Sting                 Conj/Alch      40%        1d5       7%          1
b - Mephitic Cloud        Conj/Alch/Air  7%         N/A       30%         3

Your spell library contained the following spells:

 Spells                   Type           Power      Damage    Failure   Level
 Mercury Vapours          Alch/Air       14%        N/A       14%         2
 Olgreb's Toxic Radiance  Alch           13%        N/A       41%         4
 Sticky Flame             Fire/Alch      7%         2d4       67%         4


Dungeon Overview and Level Annotations

Branches:
Dungeon (1/15)

Altars:

Shops:
D:1 *:


Innate Abilities, Weirdness & Mutations

You can wield a second weapon in your off-hand.
It takes a long time for you to wield or remove held weapons.
Your first few attacks do less damage.
You cannot equip rings or amulets.


Message History

The sling bullet barely misses the jackal.
The jackal bites you. x3; The jackal closely misses you.
You shoot a sling bullet.
The sling bullet hits the jackal but does no damage.
The jackal is heavily wounded.
The jackal closely misses you. x2; The jackal bites you.
You shoot a sling bullet. The sling bullet hits the jackal.
You kill the jackal!
The jackal closely misses you. x2
You shoot a sling bullet. The sling bullet hits the jackal.
The jackal is moderately wounded.
The jackal barely misses you. The jackal closely misses you.
You shoot a sling bullet.
The sling bullet barely misses the jackal.
The jackal bites you but does no damage.
The jackal bites you.
You shoot a sling bullet.
The sling bullet hits the jackal but does no damage.
The jackal is moderately wounded.
The jackal bites you.
* * * LOW HITPOINT WARNING * * *
The jackal bites you.
* * * LOW HITPOINT WARNING * * *
You shoot a sling bullet.
The sling bullet closely misses the jackal.
The jackal closely misses you. The jackal barely misses you.
You shoot a sling bullet.
The sling bullet barely misses the jackal.
The jackal bites you.
* * * LOW HITPOINT WARNING * * *
The jackal bites you but does no damage.
Casting: Sting (safe; 7% risk of failure)
Confirm with . or Enter, or press ? or * to list all spells.
Aiming: Sting (safe; 7% risk of failure)
Press: ? - help, Shift-Dir - straight line, f/p - jackal
Aim: a jackal (moderately wounded, 64% to hit)
The sting misses the jackal.
The jackal bites you.
* * * LOW HITPOINT WARNING * * *
The jackal bites you.
You die...

..#########......#
#.#..............#
#.#.#######..###.#
#.#.# #..# #.#
###.#.# #..# #.#
#.....# #..# #..
#.#.### #..# ###
#.#h# #..# #
#.#@####### ..# #
..#........
###########


You could see a jackal.

Vanquished Creatures
  2 dart slugs (D:1)
  3 ball pythons (D:1)
  A bat (D:1)
  A giant cockroach (D:1)
  5 hobgoblins (D:1)
  2 jackals (D:1)
  2 quokkas (D:1)
  2 frilled lizards (D:1)
  3 kobolds (D:1)
  2 rats (D:1)
23 creatures vanquished.

Notes
Turn   | Place    | Note
-------+----------+-------------------------------------------
     0 | D:1      | hikkokomori the Coglin Alchemist began the quest for the
                  | Orb.
     0 | D:1      | Reached XP level 1. HP: 13/13 MP: 3/3
    83 | D:1      | Reached skill level 1 in Conjurations
   226 | D:1      | Found Faeceq's Book Shop.
   230 | D:1      | Upgraded the game from 0.32-a0-834-geaf45d8e21 to
                  | 0.32-a0-841-g4648e6c457
   364 | D:1      | Reached XP level 2. HP: 20/20 MP: 4/4
   715 | D:1      | Found Vufausuo's General Store.
   756 | D:1      | Reached skill level 1 in Fighting
   756 | D:1      | Reached XP level 3. HP: 26/26 MP: 6/6
   760 | D:1      | Learned a level 3 spell: Mephitic Cloud
  1102 | D:1      | Slain by a jackal

Illustrated notes

Levels and vault maps discovered:
D:1:      lightli_arrival_farm, layout_basic, serial_shops, shop,
          nicolae_shop_behind_doors, minmay_misc_feat_diagonals

Skill      XL: |  1  2 |
---------------+-------+-----
Conjurations   | 1 |  1.4
Spellcasting   | 2 |  2.1
Fighting       | 1 |  1.0
Dodging        | |  1.7
Stealth        | |  1.5
Alchemy        | |  3.6

Action                     || total
---------------------------++-------
   Fire: Sling             ||    79
   Cast: Sting             ||     6
 Armour: Robe              ||    43
  Dodge: Dodged            ||    35

Table legend: (Time is in decaauts)
 A = Elapsed time spent in this place.
 B = Non-inter-level travel time spent in this place.
 C = Inter-level travel time spent in this place.
 D = Time resting spent in this place.
 E = Time spent auto-exploring this place.
 F = Levels seen in this place.
 G = Mean time per level.
                   A        B        C        D        E       F      G
               +--------+--------+--------+--------+--------+-----+--------+
         Total |   1133 |   1133 |      0 |      0 |    954 |   1 | 1133.0 |
       Dungeon |   1133 |   1133 |      0 |      0 |    954 |   1 | 1133.0 |
               +--------+--------+--------+--------+--------+-----+--------+

Top non-repeatable levels by time:
     D:1: 1133 daAuts
